 Dungeon Crawl Stone Soup version 0.21-a0-380-gd65dc97 (webtiles) character file.

88 RKaid the Slasher (level 4, -1/40 HPs)
             Began as a Draconian Chaos Knight on Oct 18, 2017.
             Slain by Terence
             ... wielding a +0 morningstar
              (5 damage)
             ... on level 3 of the Dungeon.
             The game lasted 00:05:07 (1862 turns).

RKaid the Slasher (Draconian Chaos Knight)          Turns: 1862, Time: 00:05:07

Health: -1/40      AC:  5    Str: 16    XL:     4   Next: 30%
Magic:  4/4        EV: 12    Int: 12    God:    Xom [.*....]
Gold:   74         SH:  0    Dex: 10    Spells: 3/3 levels left

rFire    . . .     SeeInvis .   a - +0 falchion (chaos)
rCold    . . .     Gourm    .   (no shield)
rNeg     . . .     Faith    .   (armour unavailable)
rPois    .         Spirit   .   (helmet restricted)
rElec    .         Reflect  .   (no cloak)
rCorr    .         Harm     .   (no gloves)
MR       .....                  (no boots)
Stlth    +.........             (no amulet)
HPRegen  0.13/turn              (no ring)
MPRegen  0.09/turn              (no ring)

@: about to teleport
A: unfitting armour, cold-blooded, AC +5
a: Renounce Religion


You were on level 3 of the Dungeon.
You worshipped Xom.
You were a plaything of Xom.
You were not hungry.

You visited 1 branch of the dungeon, and saw 3 of its levels.

You collected 74 gold pieces.

Inventory:

Hand Weapons
 a - a +0 falchion of chaos (weapon)
Scrolls
 e - a scroll of teleportation
 h - a scroll of blinking {unknown}
 i - a scroll of random uselessness {unknown}
 j - a scroll of recharging
Potions
 c - a potion of mutation {unknown}
 f - a potion of might {unknown}
Comestibles
 b - 3 bread rations
 d - a royal jelly
 g - 6 chunks of flesh


   Skills:
 + Level 4.0 Fighting
 * Level 4.2 Long Blades
 + Level 2.8 Dodging


You had 3 spell levels left.
You didn't know any spells.

Dungeon Overview and Level Annotations

Branches:
Dungeon (3/15)

Altars:
Ru
Uskayaw

Annotations:
D:3 Terence


Innate Abilities, Weirdness & Mutations

Your plain brown scales are hard. (AC +5)
You cannot fit into any form of body armour.
You are cold-blooded and may be slowed by cold attacks.


Message History

The adder closely misses you.
You riposte.
You miss the adder. You tail-slap the adder. You hit the adder.
You drain the adder!
Your tail-slap misses the adder.
The adder barely misses you.
You riposte.
You closely miss the adder. You closely miss the adder. The adder misses you.
The adder closely misses you.
You riposte.
You miss the adder. You hit the adder.
Your tail-slap misses the adder.
The adder bites you.
You are poisoned.
The adder poisons you!
You hit the adder.
You kill the adder!
You feel sick.
You start resting.
You feel sick. x2
You are no longer poisoned.
You start resting.
A bat comes into view.
The bat hits you but does no damage.
You closely miss the bat. The bat hits you but does no damage.
The bat hits you but does no damage. The bat misses you.
You closely miss the bat. The bat closely misses you.
The bat hits you but does no damage. x2
The bat hits you but does no damage. The bat misses you.
You riposte.
You barely miss the bat. The bat hits you but does no damage.
You closely miss the bat. You tail-slap the bat.
You kill the bat!
You see here a bat corpse.
You see here a bat corpse.
You butcher the bat corpse.
g - 5 chunks of flesh (gained 1)
A bat comes into view.
An orc comes into view. It is wielding a club.
The orc shouts!
The bat hits you but does no damage. The bat hits you but does no damage.
The orc throws a tomahawk.
The tomahawk hits you.
You see here a tomahawk.
A kobold comes into view.
The kobold shouts!
The bat barely misses you.
You riposte.
You miss the bat. The orc hits you but does no damage.
You hit the orc.
Space warps horribly around the orc!
You kill the orc!
The bat barely misses you.
You hit the bat. You freeze the bat. The bat hits you.
The bat barely misses you.
You riposte.
You hit the bat. You burn the bat.
You kill the bat!
You see here a bat corpse.
The kobold misses you.
You riposte.
You closely miss the kobold.
A bat comes into view.
You see here a bat corpse.
You hit the kobold.
You kill the kobold!
The bat hits you.
Things that are here:
a club; 3 tomahawks; a kobold corpse The bat hits you but does no damage.
The bat hits you but does no damage.
You hit the bat but do no damage.
The bat's body glows momentarily.
The bat hits you but does no damage. The bat closely misses you.
You riposte.
You miss the bat.
Your tail-slap misses the bat.
The bat completely misses you.
You riposte.
You hit the bat. You freeze the bat. You hit the bat but do no damage.
The bat suddenly stops moving!
You tail-slap the bat.
You kill the bat!
Your Fighting skill increases to level 4!
Things that are here:
a club; 3 tomahawks; a kobold corpse You butcher the bat corpse.
g - 6 chunks of flesh (gained 1)
You see here a tomahawk.
You now have 74 gold pieces (gained 6).
Marking area around Terence as unsafe for travelling.
Terence the Incautious comes into view.
He is wielding a morningstar.
Terence shouts!
You hear a shout!
Found a stone staircase leading down.
A goblin comes into view. It is wielding a dagger.
Terence asks, "Do you want it fast or slow?"
Terence drinks a potion.
Terence seems to speed up.
You hit Terence but do no damage.
Terence flickers and vanishes!
Deactivating autopickup; reactivate with Ctrl-A.
Something hits you. x2
As you read the scroll labeled HUXTIH UFIUFI, it crumbles to dust.
It is a scroll of recharging.
You aren't carrying any rechargeable items.
Something hits you.
You hit something.
You hear strange voices.
Something hits you. Something hits you!
You hit something. You tail-slap something. Something hits you!
* * * LOW HITPOINT WARNING * * *
As you read the scroll labeled WOILOI GISINK, it crumbles to dust.
You feel strangely unstable.
It was a scroll of teleportation.
Something hits you.
* * * LOW HITPOINT WARNING * * *
Something hits you.
You die... "Boring in life, boring in death..."

#.. ##.## #.##.#. ##.#
##g# #.##.#. ...###..#
#.##.#. #......#.#
#.##.#. #######..#######
#.##.#. #@........
#.##.#. #.########
#.##.#.
#.#################.....(
#.....g.@..............##
########################


You could see a goblin.

Vanquished Creatures
  2 adders (D:3)
  An ooze (D:2)
  2 worms (D:2)
  3 leopard geckos
  An orc (D:3)
  4 ball pythons
  A giant cockroach (D:2)
  4 goblins
  8 hobgoblins
  6 jackals
  7 kobolds
  4 bats
  6 frilled lizards
  6 rats
55 creatures vanquished.

Notes
Turn   | Place    | Note
-------+----------+-------------------------------------------
     0 | D:1      | RKaid the Draconian Chaos Knight began the quest for the Orb.
     0 | D:1      | Reached XP level 1. HP: 19/19 MP: 1/1
   257 | D:1      | XOM: potion effect (brilliance)
   272 | D:1      | Reached XP level 2. HP: 26/26 MP: 2/2
   799 | D:2      | XOM: 3-stop teleportation journey
   811 | D:2      | Reached XP level 3. HP: 31/31 MP: 3/3
  1144 | D:2      | Found a hide-covered altar of Uskayaw.
  1160 | D:2      | XOM: 9-stop teleportation journey
  1178 | D:2      | Reached skill level 4 in Long Blades
  1216 | D:2      | Found a sacrificial altar of Ru.
  1464 | D:3      | Reached XP level 4. HP: 40/40 MP: 4/4
  1465 | D:3      | XOM: medium Fire miscast
  1791 | D:3      | Reached skill level 4 in Fighting
  1838 | D:3      | Noticed Terence
  1860 | D:3      | HP: 8/40 [something (8)]
  1862 | D:3      | Slain by Terence

Vault maps used:
D:1:      minmay_arrival_radiant_lines, hex_tiny, corexii_leaking_fountain,
          minmay_misc_feat_columns, serial_bayou_pond_c
D:2:      lemuel_round_altar, nicolae_ru_awakened_eye, first_bread
D:3:      corexii_item_surrounded_by_moat, uniq_terence

Skill      XL: |  1  2  3  4 |
---------------+-------------+-----
Long Blades    | 4 |  4.2
Fighting       | 4 |  4.0
Dodging        | |  2.8

Action                   |  1- 3 |  4- 6 || total
-------------------------+-------+-------++-------
Melee: Falchion          |   101 |    21 ||   122
       Tailslap          |     6 |     4 ||    10
  Use: Scroll            |       |     2 ||     2
 Stab: Sleeping          |     1 |       ||     1
  Eat: Chunk             |     2 |     1 ||     3
Armor: Skin              |    25 |    15 ||    40
Dodge: Dodged            |    64 |    18 ||    82
       Rpst.: Falchion   |    25 |    10 ||    35

Table legend:
 A = Spawn XP
 B = Non-spawn XP
 C = Spawn XP percentage of total XP
 D = Spawn monster count
 E = Non-spawn monster count
 F = Spawn count percentage of total count
 G = Total turns spent on level
                    A         B        C        D         E        F      G
               +---------+---------+-------+---------+---------+-------+---------
         Total |       0 |     127 |   0.0 |       0 |      55 |   0.0 |  1862
               +---------+---------+-------+---------+---------+-------+---------
           D:1 |       0 |      32 |   0.0 |       0 |      20 |   0.0 |   829
           D:2 |       0 |      51 |   0.0 |       0 |      24 |   0.0 |   622
           D:3 |       0 |      44 |   0.0 |       0 |      11 |   0.0 |   411
               +---------+---------+-------+---------+---------+-------+---------

Table legend:
 A = Turns spent in this place as a percentage of turns spent in the entire game.
 B = Non-inter-level travel turns spent in this place as a percentage of non-inter-level travel turns spent in the entire game.
 C = Inter-level travel turns spent in this place as a percentage of turns spent in this place.
 D = Turns resting spent in this place as a percentage of non-inter-level travel turns spent in this place.
 E = Turns spent auto-exploring this place as a percentage of non-inter-level travel turns spent in this place.
 F = Non-inter-level travel turns spent in this place divided by the number of levels of this place that you've seen.
                   A       B       C       D       E      F
               +-------+-------+-------+-------+-------+----------------------
         Total | 100.0 | 100.0 |   1.4 |  17.4 |  53.0 | 612.0
       Dungeon | 100.0 | 100.0 |   1.4 |  17.4 |  53.0 | 612.0
               +-------+-------+-------+-------+-------+----------------------

Table legend:
 A = Kills in this place as a percentage of kills in entire the game.
 B = Kills by you in this place as a percentage of kills by you in the entire game.
 C = Kills by friends in this place as a percentage of kills by friends in the entire game.
 D = Other kills in this place as a percentage of other kills in the entire game.
 E = Experience gained in this place as a percentage of experience gained in the entire game.
 F = Experience gained in this place divided by the number of levels of this place that you have seen.
                   A       B       C       D       E      F
               +-------+-------+-------+-------+-------+----------------------
         Total | 100.0 | 100.0 |   N/A |   N/A | 100.0 |  42.3
       Dungeon | 100.0 | 100.0 |   N/A |   N/A | 100.0 |  42.3
               +-------+-------+-------+-------+-------+----------------------
